 Dungeon Crawl Stone Soup version 0.22.0-18-ge075c0de6d (webtiles) character file.

4732 Kniotic the Destroyer (level 10, -6/69 HPs)
             Began as a Demigod Conjurer on Aug 18, 2018.
             Mangled by a yak (13 damage)
             ... on level 9 of the Dungeon.
             The game lasted 00:16:19 (10133 turns).

Kniotic the Destroyer (Demigod Conjurer)           Turns: 10133, Time: 00:16:22

Health: -6/69      AC:  4    Str: 11    XL:     10   Next: 2%
Magic:  21/36      EV: 12    Int: 25    God:
Gold:   385        SH:  0    Dex: 16    Spells: 18/27 levels left

rFire    . . .     SeeInvis .   E - staff of wizardry (curse)
rCold    . . .     Gourm    +   (no shield)
rNeg     . . .     Faith    .   a - +0 robe
rPois    .         Spirit   .   d - +0 helmet
rElec    .         Reflect  .   (no cloak)
rCorr    .         Harm     .   q - +0 pair of gloves
MR       ++...                  (no boots)
Stlth    ++........             x - amulet of the gourmand
HPRegen  0.21/turn              p - ring of protection from magic
MPRegen  0.25/turn              w - ring of magical power

@: about to teleport, slowed, very slow
A: high mp 1
a: no special abilities


You were on level 9 of the Dungeon.
You were very full.

You visited 1 branch of the dungeon, and saw 9 of its levels.

You collected 385 gold pieces.

Inventory:

Hand Weapons
 f - a +2 dagger of venom
 s - a -1 trident
 J - the +9 war axe "Kecze" {venom, MR++ Int+2, unknown}
   (You found it on level 9 of the Dungeon)

   It poisons the flesh of those it strikes.
   It affects your intelligence (+2).
   It affects your resistance to hostile enchantments.
Armour
 a - a +0 robe (worn)
 d - a +0 helmet (worn)
 q - a +0 pair of gloves (worn)
Magical Staves
 E - a cursed staff of wizardry (weapon)
Jewellery
 p - a ring of protection from magic (left hand)
 v - an uncursed amulet of faith
 w - a ring of magical power (right hand)
 x - an amulet of the gourmand (around neck)
 C - an uncursed ring of protection from magic
 I - an uncursed ring of magical power
Wands
 k - a wand of paralysis (11)
 y - a wand of disintegration (27)
 z - a wand of scattershot (6)
 F - a wand of iceblast (11)
Scrolls
 e - a scroll of torment {unknown}
 g - 4 scrolls of remove curse
 h - 2 scrolls of amnesia {unknown}
 i - 2 scrolls of enchant armour {unknown}
 j - a scroll of random uselessness {unknown}
 m - 2 scrolls of teleportation
 o - 2 scrolls of fog {unknown}
 B - a scroll of immolation {unknown}
 D - 6 scrolls of identify
 H - a scroll of noise {unknown}
Potions
 b - 4 potions of curing
 l - 4 potions of might
 n - a potion of resistance
 t - a potion of ambrosia
 u - a potion of mutation {unknown}
 A - 2 potions of flight {unknown}
 G - 2 potions of invisibility {unknown}
Comestibles
 c - 14 rations


   Skills:
 - Level 1.7 Dodging
 - Level 1.7 Stealth
 + Level 9.2 Spellcasting
 - Level 10.0 Conjurations
 + Level 2.6 Hexes


You had 18 spell levels left.
You knew the following spells:

 Your Spells              Type           Power        Failure   Level  Hunger
a - Magic Dart            Conj           ####         1%          1    None
b - Iskenderun's Mystic   Conj           ######..     1%          4    #......
c - Fulminant Prism       Conj/Hex       #####.....   1%          4    #......

Your spell library contained the following spells:

 Spells                   Type           Power        Failure   Level  Hunger
 Corona                   Hex            ###....      1%          1    None
 Ensorcelled Hibernation  Hex/Ice        ###...       1%          2    None
 Searing Ray              Conj           ######       1%          2    None
 Dazzling Spray           Conj/Hex       #####.       1%          3    None
 Confuse                  Hex            ###.....     2%          3    None
 Tukima's Dance           Hex            ###.....     2%          3    None
 Force Lance              Conj/Tloc      #####...     2%          4    #......


Dungeon Overview and Level Annotations

Branches:
Dungeon (9/15)             Temple (0/1) D:6             Orc (0/2) D:9
   Lair: D:8-11

Shops:
D:7 [


Innate Abilities, Weirdness & Mutations

You have an increased reservoir of magic. (+10% MP)


Message History

The orb of energy hits the hornet.
You kill the hornet!
You have reached level 10!
The orb of energy explodes!
The mystic blast hits the yak.
The yak is severely wounded.
You feel sick. The yak gores you!
* * * LOW HITPOINT WARNING * * *
You feel better.
The yak barely misses you. x2; The yak gores you!
* * * LOW HITPOINT WARNING * * *
The yak barely misses you.
Okay, then.
You feel much better. The yak gores you! x2
* * * LOW HITPOINT WARNING * * *
As you read the scroll of teleportation, it crumbles to dust.
You feel strangely unstable. The yak misses you. The yak closely misses you.
The yak gores you but does no damage. The yak gores you!
* * * LOW HITPOINT WARNING * * *
An orc priest comes into view. It is wielding a hand axe.
The yak gores you!
You die... ##.......###.. #o.. #.........# ... +.........+ ... #.........# .. ##....)÷.## #o ##....<## ##.## ##...## #oYY#

##†## #.#@# #.# #.Y.#
#.# ##.########.##
##.#.........##
##.#...........#
##.###.........#####.#
#.## #................
##.###.......#######..
##.#........#


You could see 3 yaks, an orc warrior, an orc priest and an orc.

Vanquished Creatures
  A hydra (D:9)
  Prince Ribbit (D:8)
  A hornet (D:9)
  A hippogriff (D:8)
  A wyvern (D:9)
  A spriggan (D:7)
  A steam dragon (D:8)
  A water moccasin (D:9)
  3 phantoms
  An ice beast (D:6)
  2 orc warriors
  A black bear (D:7)
  2 sky beasts
  3 ogres
  A centaur (D:7)
  3 bullfrogs
  A big kobold (D:8)
  A vampire bat (D:5)
  5 howler monkeys
  2 crimson imps (D:5)
  3 bullfrog zombies
  2 hounds
  3 orc priests
  A centaur skeleton (D:8)
  A gnoll shaman (D:8)
  2 bullfrog skeletons
  7 orc wizards
  4 iguanas
  6 worker ants
  2 hound skeletons
  A hound zombie (D:5)
  5 gnolls (D:8)
  8 adders
  5 shadow imps
  An ooze (D:3)
  5 worms
  A dart slug (D:1)
  3 fire bats (D:5)
  4 leopard geckos
  21 orcs
  2 spectral bats (D:5)
  18 bats
  3 bat skeletons (D:5)
  A bat zombie (D:5)
  8 giant cockroaches
  11 goblins
  4 hobgoblins
  13 jackals
  7 quokkas
  3 ball pythons
  A bat simulacrum (D:5)
  7 frilled lizards
  2 jackal zombies
  17 kobolds
  A quokka zombie (D:5)
  7 rats
223 creatures vanquished.

Vanquished Creatures (others)
  A quokka (D:5)
1 creature vanquished.

Grand Total: 224 creatures vanquished

Notes
Turn   | Place    | Note
-------+----------+-------------------------------------------
     0 | D:1      | Kniotic the Demigod Conjurer began the quest for the Orb.
     0 | D:1      | Reached XP level 1. HP: 14/14 MP: 5/5
   144 | D:1      | Reached XP level 2. HP: 20/20 MP: 1/7
   253 | D:1      | Reached skill level 4 in Conjurations
   774 | D:2      | You fall through a shaft for 2 floors!
   782 | D:4      | Noticed a phantom
   828 | D:4      | Reached XP level 3. HP: 24/26 MP: 0/9
  1648 | D:2      | Reached XP level 4. HP: 33/33 MP: 8/11
  2337 | D:3      | Found an opulent altar of Gozag.
  2436 | D:3      | Reached XP level 5. HP: 25/38 MP: 1/13
  2582 | D:3      | Reached skill level 5 in Conjurations
  2961 | D:3      | Found a glowing silver altar of Zin.
  3455 | D:4      | Noticed a phantom
  3534 | D:4      | Killed a phantom
  3534 | D:4      | Reached XP level 6. HP: 14/45 MP: 0/15
  3782 | D:4      | Found a hazy altar of Hepliaklqana.
  4247 | D:4      | HP: 2/45 [poisoned by a worker ant]
  4255 | D:4      | HP: 2/45 [poisoned by a worker ant]
  4743 | D:5      | Entered Level 5 of the Dungeon
  5065 | D:4      | Learned a level 4 spell: Iskenderun's Mystic Blast
  5068 | D:5      | Reached skill level 6 in Conjurations
  5177 | D:5      | Found a white marble altar of Elyvilon.
  5220 | D:5      | Reached skill level 5 in Spellcasting
  5220 | D:5      | Reached XP level 7. HP: 50/50 MP: 9/18
  6020 | D:5      | Found a snail-covered altar of Cheibriados.
  6134 | D:6      | Found a staircase to the Ecumenical Temple.
  6206 | D:6      | Reached skill level 7 in Conjurations
  6360 | D:6      | Reached XP level 8. HP: 20/57 MP: 20/20
  7130 | D:7      | Found Ygiwkil's Antique Armour Shoppe.
  7297 | D:7      | Reached skill level 8 in Conjurations
  8421 | D:8      | Noticed Prince Ribbit
  8424 | D:8      | Killed Prince Ribbit
  8424 | D:8      | Reached XP level 9. HP: 62/62 MP: 19/24
  8570 | D:8      | Reached skill level 9 in Conjurations
  9825 | D:9      | Got a translucent war axe
  9854 | D:9      | Found a staircase to the Orcish Mines.
  9858 | D:9      | Reached skill level 10 in Conjurations
  9898 | D:8      | Learned a level 4 spell: Fulminant Prism
  9999 | D:9      | Noticed a six-headed hydra
 10004 | D:9      | Killed a six-headed hydra
 10130 | D:9      | Reached XP level 10. HP: 26/69 MP: 20/27
 10133 | D:9      | Mangled by a yak

Skill      XL: |  1  2  3  4  5  6  7  8  9 |
---------------+----------------------------+-----
Spellcasting   | 2 3 4 5 6 7 9 |  9.2
Conjurations   | 4 5 6 7 8 10 | 10.0
Hexes          | 2 |  2.6
Dodging        | |  1.7
Stealth        | |  1.7

Action                   |  1- 3 |  4- 6 |  7- 9 | 10-12 || total
-------------------------+-------+-------+-------+-------++-------
Melee: Unarmed           |    16 |       |       |       ||    16
       Dagger            |     7 |    31 |       |       ||    38
 Cast: Magic Dart        |   100 |   157 |   381 |       ||   638
       Iskenderun's Myst |       |     2 |    62 |     1 ||    65
  Use: Scroll            |       |       |    10 |     1 ||    11
       Potion            |       |       |     1 |     2 ||     3
  Eat: Chunk             |     3 |     6 |    23 |       ||    32
       Ration            |       |     1 |     1 |       ||     2
Armor: Robe              |    10 |    16 |    43 |     1 ||    70
Dodge: Dodged            |    23 |    50 |   127 |     5 ||   205
